 Dungeon Crawl Stone Soup version 0.30-a0-586-g23e55c9e0a (webtiles) character file.

Game seed: 7760904469508901321

5420 wormed the Covert (level 10, -5/75 (77) HPs)
             Began as a Gnoll Wanderer on Jan 4, 2023.
             Was a Priest of Vehumet.
             Killed by nerve-wracking pain
             ... invoked by an orc priest
              (9 damage)
             ... on level 8 of the Dungeon.
             The game lasted 00:16:28 (8999 turns).

wormed the Covert (Gnoll Wanderer)                  Turns: 8999, Time: 00:16:29

HP:   -5/75 (77)    AC: 19    Str: 13    XL:     10   Next: 67%
MP:   6/6           EV: 15    Int: 12    God:    Vehumet [***...]
Gold: 604           SH:  5    Dex: 14    Spells: 11/20 levels left

rFire   . . .      SeeInvis .    b - +1 trident (antimagic)
rCold   . . .      Faith    .    A - +0 buckler
rNeg    . . .      Spirit   .    J - +0 steam dragon scales
rPois   .          Reflect  .    a - +0 helmet
rElec   .          Harm     .    x - +0 cloak
rCorr   .          Rampage  .    d - +1 pair of gloves
Will    .....                    (no boots)
Stlth   ++++                     (no amulet)
HPRegen 0.32/turn                s - +4 ring of protection
MPRegen 0.10/turn                t - +4 ring of protection

@: lightly drained
A: fangs 1, strong nose, distributed training
a: Renounce Religion


You were on level 8 of the Dungeon.
You worshipped Vehumet.
Vehumet was most pleased with you.
You visited 1 branch of the dungeon, and saw 8 of its levels.

You collected 604 gold pieces.

Inventory:

Hand Weapons
 b - a +1 antimagic trident (weapon)
Missiles
 E - 3 poisoned darts
 F - a curare-tipped dart
Armour
 a - a +0 helmet (worn)
 d - a +1 pair of gloves (worn)
 x - a +0 cloak (worn)
 A - a +0 buckler (worn)
 J - +0 steam dragon scales (worn)
Magical Staves
 z - a staff of conjuration
Jewellery
 f - a ring of see invisible
 s - a +4 ring of protection (left hand)
 t - a +4 ring of protection (right hand)
 B - a +6 ring of intelligence
 G - a ring of positive energy
 I - a ring of poison resistance
Wands
 q - a wand of light (9)
 v - a wand of charming (20)
 y - a wand of iceblast (7) (quivered)
Scrolls
 e - 3 scrolls of teleportation
 i - a scroll of amnesia
 o - a scroll of noise
 w - a scroll of enchant armour
 C - a scroll of silence
 D - 2 scrolls of blinking
Potions
 c - a potion of ambrosia
 h - 2 potions of brilliance
 j - a potion of berserk rage
 k - a potion of magic
 l - a potion of resistance
 m - a potion of lignification
 n - 2 potions of might
 p - a potion of curing
 u - 3 potions of degeneration {unknown}
 H - 2 potions of flight {unknown}
 L - 2 potions of heal wounds {unknown}


   Skills:
 + Level 6.3 Fighting
 + Level 5.7 Short Blades
 + Level 5.7 Long Blades
 + Level 5.7 Axes
 + Level 5.7 Maces & Flails
 + Level 7.4 Polearms
 + Level 5.7 Staves
 + Level 5.7 Ranged Weapons
 + Level 5.7 Throwing
 + Level 5.7 Armour
 + Level 7.4 Dodging
 + Level 9.7 Stealth
 + Level 5.7 Shields
 + Level 5.7 Unarmed Combat
 + Level 5.7 Spellcasting
 + Level 4.7 Conjurations
 + Level 4.7 Hexes
 + Level 4.7 Summonings
 + Level 4.7 Necromancy
 + Level 4.7 Translocations
 + Level 4.7 Transmutations
 + Level 4.7 Fire Magic
 + Level 4.7 Ice Magic
 + Level 4.7 Air Magic
 + Level 4.7 Earth Magic
 + Level 4.7 Poison Magic
 + Level 6.8 Invocations
 + Level 5.7 Evocations


You had 11 spell levels left.
You knew the following spells:

 Your Spells              Type           Power      Damage    Failure   Level
a - Freeze                Ice            56%        1d7       1%          1
b - Shock                 Conj/Air       56%        1d6       1%          1
c - Frozen Ramparts       Ice            28%        1d5       2%          3
d - Fulminant Prism       Conj/Hex       7%         3d6       9%          4

Your spell library contained the following spells:

 Spells                   Type           Power      Damage    Failure   Level


Dungeon Overview and Level Annotations

Branches:
Dungeon (8/15)             Temple (0/1) D:7
   Lair: D:8-11

Altars:
Gozag
Ru
Vehumet
Xom
Zin
The Shining One

Shops:
D:1 :   D:6 (

Annotations:
D:5 2 transporters, qeuew's ghost, novice HOFi


Innate Abilities, Weirdness & Mutations

You have very sharp teeth.
Your uncanny sense of smell can sniff out nearby items.
Your experience applies equally to all skills.


Message History

t - Bark!
Orders for allies: a - Attack new target. p - Attack previous target. r - Retreat! s - Stop attacking. g - Guard the area. f - Follow me.
Anything else - Cancel.
Retreat in which direction?
Press: ? - help, Dir - move target, p - komodo dragon Fall back!
There is a stone staircase leading down, spattered with blood here.
You climb downwards.
The orc priest miscasts a cantrip.
There is a stone staircase leading up here.
An orc priest is nearby!
An orc priest is nearby!
An orc priest is nearby!
You are too injured to fight recklessly!
The orc priest hits you with a +0 mace.
* * * LOW HITPOINT WARNING * * *
You hit the orc priest.
The orc priest is lightly wounded.
The orc priest hits you but does no damage.
You hit the orc priest.
The orc priest is lightly wounded.
The orc priest invokes the aid of Beogh against you.
Beogh smites you!
* * * LOW HITPOINT WARNING * * *
You puncture the orc priest!
The orc priest is almost dead.
The orc priest barely misses you.
You hit the orc priest.
You bite the orc priest, but do no damage.
The orc priest is almost dead.
The orc priest mumbles some strange prayers to Beogh against you.
Pain shoots through your body!
* * * LOW HITPOINT WARNING * * *
You barely miss the orc priest.
The orc priest is almost dead.
The orc priest invokes the aid of Beogh against you.
Pain shoots through your body!
You die...

. #... .. ... ...
.. .#### ..#. ∆∆∆
.#... ..#####...# .
+.....'# . ...
∆#.<...#∆ .##
.....###.....###...
..#..@#...#...#.#
#.....o..........#
#####..##.......#
##.###...####
#....[[##
#.###..###### #.#
#........
###.###...#####
..........#


You could see an orc priest.

Vanquished Creatures
  A two-headed ogre (D:4)
  Grinder (D:5)
  A hornet (D:7)
  7 yaks
  A wyvern (D:7)
  A steam dragon (D:7)
  Menkaure (D:5)
  2 water moccasins
  Duvessa (D:4)
  A black bear (D:7)
  2 orc warriors
  An ice beast (D:6)
  2 sky beasts
  An ogre (D:6)
  A centaur (D:7)
  A phantom (D:6)
  A kobold brigand (D:6)
  2 bullfrogs (D:7)
  3 necrophages
  9 wights (D:7)
  A killer bee (D:8)
  A howler monkey (D:7)
  4 orc priests
  5 hounds
  2 gnoll boudas
  3 jellies
  Crazy Yiuf (D:7)
  3 iguanas
  4 orc wizards
  10 gnolls
  8 adders
  A white imp (D:5)
  An ufetubus (D:5)
  5 worms
  4 dart slugs
  23 orcs
  8 ball pythons
  7 endoplasms
  4 giant cockroaches
  3 goblins
  12 hobgoblins
  8 jackals
  A quokka (D:4)
  8 bats
  3 frilled lizards
  17 kobolds
187 creatures vanquished.

Vanquished Creatures (collateral kills)
  Dowan (D:4)
1 creature vanquished.

Vanquished Creatures (others)
  A fulminant prism (D:8)
1 creature vanquished.

Grand Total: 189 creatures vanquished

Notes
Turn   | Place    | Note
-------+----------+-------------------------------------------
     0 | D:1      | wormed the Gnoll Wanderer began the quest for the Orb.
     0 | D:1      | wormed set off with the following items: a +2 dagger, a
                  | scroll of summoning, a +0 spear, a +0 pair of gloves, a
                  | scroll of teleportation, a +0 robe.
     0 | D:1      | Reached XP level 1. HP: 17/17 MP: 2/2
   159 | D:1      | Reached XP level 2. HP: 23/23 MP: 3/3
   364 | D:1      | Found Qisky's Book Boutique.
   515 | D:1      | Reached XP level 3. HP: 27/28 MP: 4/4
   911 | D:2      | Found a shimmering altar of Xom.
   953 | D:2      | Identified the +6 ring mail of Lugonu's Anger {Harm rPois
                  | rC-}
  1237 | D:2      | Reached skill level 1 in Short Blades
  1237 | D:2      | Reached skill level 1 in Long Blades
  1237 | D:2      | Reached skill level 1 in Axes
  1237 | D:2      | Reached skill level 1 in Maces & Flails
  1237 | D:2      | Reached skill level 1 in Staves
  1237 | D:2      | Reached skill level 1 in Ranged Weapons
  1237 | D:2      | Reached skill level 1 in Throwing
  1237 | D:2      | Reached skill level 1 in Armour
  1237 | D:2      | Reached skill level 1 in Shields
  1237 | D:2      | Reached skill level 1 in Unarmed Combat
  1237 | D:2      | Reached skill level 1 in Spellcasting
  1237 | D:2      | Reached skill level 1 in Evocations
  1465 | D:3      | Reached XP level 4. HP: 34/34 MP: 6/6
  1580 | D:3      | Found a faded altar of an unknown god.
  1797 | D:3      | Found a glowing silver altar of Zin.
  1876 | D:3      | Reached skill level 1 in Conjurations
  1876 | D:3      | Reached skill level 1 in Hexes
  1876 | D:3      | Reached skill level 1 in Summonings
  1876 | D:3      | Reached skill level 1 in Necromancy
  1876 | D:3      | Reached skill level 1 in Translocations
  1876 | D:3      | Reached skill level 1 in Transmutations
  1876 | D:3      | Reached skill level 1 in Fire Magic
  1876 | D:3      | Reached skill level 1 in Ice Magic
  1876 | D:3      | Reached skill level 1 in Air Magic
  1876 | D:3      | Reached skill level 1 in Earth Magic
  1876 | D:3      | Reached skill level 1 in Poison Magic
  1934 | D:3      | Reached XP level 5. HP: 16/40 MP: 7/7
  2052 | D:4      | Noticed a two-headed ogre
  2052 | D:4      | Noticed a yak
  2094 | D:5      | Entered Level 5 of the Dungeon
  2114 | D:5      | Found a radiant altar of Vehumet.
  2142 | D:5      | Became a worshipper of Vehumet
  3091 | D:4      | Noticed a sky beast
  3099 | D:4      | Killed a sky beast
  3100 | D:4      | Reached skill level 5 in Polearms
  3100 | D:4      | Reached skill level 5 in Dodging
  3100 | D:4      | Reached skill level 8 in Stealth
  3100 | D:4      | Reached XP level 6. HP: 36/47 MP: 8/8
  3254 | D:4      | Noticed Dowan
  3278 | D:4      | Killed a yak
  3505 | D:4      | Reached XP level 7. HP: 49/52 MP: 10/10
  3569 | D:4      | Noticed Duvessa
  3584 | D:4      | Killed Duvessa
  3623 | D:4      | Reached * piety under Vehumet
  3623 | D:4      | Offered knowledge of Freeze by Vehumet.
  3630 | D:4      | Killed Dowan
  3665 | D:4      | Killed a two-headed ogre
  3666 | D:4      | Reached XP level 8. HP: 36/61 MP: 10/13
  3671 | D:4      | Learned a level 1 spell: Freeze
  3856 | D:4      | Found a sacrificial altar of Ru.
  4337 | D:5      | Reached ** piety under Vehumet
  4337 | D:5      | Offered knowledge of Shock by Vehumet.
  4343 | D:5      | Learned a level 1 spell: Shock
  4445 | D:5      | Noticed Menkaure
  4460 | D:5      | Killed Menkaure
  4461 | D:5      | Reached skill level 5 in Invocations
  4718 | D:5      | Noticed Grinder
  4724 | D:5      | Paralysed by Grinder for 3 turns
  4749 | D:5      | Killed Grinder
  4750 | D:5      | Reached XP level 9. HP: 50/67 MP: 12/15
  4891 | D:5      | Found a broken altar of Ashenzari.
  4893 | D:5      | Found a shimmering altar of Xom.
  4893 | D:5      | Found a glowing silver altar of Zin.
  4895 | D:5      | Found a hide-covered altar of Uskayaw.
  4895 | D:5      | Found a glowing silver altar of Zin.
  4895 | D:5      | Found a glowing golden altar of the Shining One.
  4978 | D:5      | Noticed qeuew's ghost (novice HOFi)
  5000 | D:5      | Found a transporter.
  5004 | D:5      | Found a transporter.
  5204 | D:6      | Reached skill level 5 in Fighting
  5276 | D:6      | Reached skill level 9 in Stealth
  6018 | D:6      | Offered knowledge of Frozen Ramparts by Vehumet.
  6025 | D:6      | Learned a level 3 spell: Frozen Ramparts
  6093 | D:6      | Found Pahoun's Weapon Shoppe.
  6405 | D:6      | Reached skill level 5 in Short Blades
  6405 | D:6      | Reached skill level 5 in Long Blades
  6405 | D:6      | Reached skill level 5 in Axes
  6405 | D:6      | Reached skill level 5 in Maces & Flails
  6405 | D:6      | Reached skill level 5 in Staves
  6405 | D:6      | Reached skill level 5 in Ranged Weapons
  6405 | D:6      | Reached skill level 5 in Throwing
  6405 | D:6      | Reached skill level 5 in Armour
  6405 | D:6      | Reached skill level 5 in Shields
  6405 | D:6      | Reached skill level 5 in Unarmed Combat
  6405 | D:6      | Reached skill level 5 in Spellcasting
  6405 | D:6      | Reached skill level 5 in Evocations
  6405 | D:6      | Reached XP level 10. HP: 76/76 MP: 17/17
  6682 | D:7      | Found a staircase to the Ecumenical Temple.
  6693 | D:7      | Found an opulent altar of Gozag.
  7470 | D:7      | Reached *** piety under Vehumet
  7633 | D:7      | Found a runed translucent door.
  7634 | D:7      | Noticed Crazy Yiuf
  8499 | D:7      | Offered knowledge of Fulminant Prism by Vehumet.
  8506 | D:7      | Learned a level 4 spell: Fulminant Prism
  8571 | D:7      | Killed Crazy Yiuf
  8765 | D:7      | HP: 2/75 [komodo dragon (24)]
  8999 | D:8      | Killed from afar by an orc priest

Illustrated notes

Levels and vault maps discovered:
D:1:      dpeg_arrival_short_road, layout_basic, serial_shops, shop_fountains,
          minmay_tromino_i2
D:2:      layout_rooms, basic_altar
D:3:      layout_loops_ring, lemuel_tele_altar, nicolae_ecumenical_lake_church
D:4:      layout_rooms, kennysheep_mini, minmay_divided_ellipse, uniq_duvessa
D:5:      layout_loops_ring, nicolae_vehumet_radiance, doesnt_xom_only_xom,
          gammafunk_ghost_smash, uniq_grinder, uniq_menkaure
D:6:      layout_basic, serial_shops, kennysheep_little_box
D:7:      kennysheep_six_static_rooms, layout_basic, grunt_gozag_statues,
          minmay_temple_entry_proselytizer, uniq_crazy_yiuf_cottage
D:8:      layout_loops_corners, nicolae_yredelemnul_corpse_copse,
          nicolae_wu_jian_immortal_techniques, elyvilon_altar_4,
          lair_entry_dummy, minmay_fractal_squares_diagonal_5

Skill      XL: |  1  2  3  4  5  6  7  8  9 10 |
---------------+-------------------------------+-----
Short Blades   | 1 2 3 4 5 |  5.7
Long Blades    | 1 2 3 4 5 |  5.7
Axes           | 1 2 3 4 5 |  5.7
Maces & Flails | 1 2 3 4 5 |  5.7
Staves         | 1 2 3 4 5 |  5.7
Ranged Weapons | 1 2 3 4 5 |  5.7
Throwing       | 1 2 3 4 5 |  5.7
Armour         | 1 2 3 4 5 |  5.7
Shields        | 1 2 3 4 5 |  5.7
Unarmed Combat | 1 2 3 4 5 |  5.7
Spellcasting   | 1 2 3 4 5 |  5.7
Evocations     | 1 2 3 4 5 |  5.7
Conjurations   | 1 2 3 4 |  4.7
Hexes          | 1 2 3 4 |  4.7
Summonings     | 1 2 3 4 |  4.7
Necromancy     | 1 2 3 4 |  4.7
Translocations | 1 2 3 4 |  4.7
Transmutations | 1 2 3 4 |  4.7
Fire Magic     | 1 2 3 4 |  4.7
Ice Magic      | 1 2 3 4 |  4.7
Air Magic      | 1 2 3 4 |  4.7
Earth Magic    | 1 2 3 4 |  4.7
Poison Magic   | 1 2 3 4 |  4.7
Invocations    | 3 4 5 6 |  6.8
Fighting       | 3 4 5 6 |  6.3
Polearms       | 5 6 7 |  7.4
Dodging        | 5 6 7 |  7.4
Stealth        | 8 9 |  9.7

Action                   |  1- 3 |  4- 6 |  7- 9 | 10-12 || total
-------------------------+-------+-------+-------+-------++-------
Melee: Spear             |    14 |       |       |       ||    14
       Dagger            |   134 |   102 |       |       ||   236
       Bite              |    21 |    19 |    55 |    45 ||   140
       Punch             |     1 |       |       |       ||     1
       Short sword       |       |    44 |   378 |   323 ||   745
       Trident           |       |       |       |    46 ||    46
 Cast: Shock             |       |       |    27 |     2 ||    29
       Freeze            |       |       |     1 |     1 ||     2
       Frozen Ramparts   |       |       |       |     3 ||     3
       Fulminant Prism   |       |       |       |     1 ||     1
Evoke: Wand              |       |       |     3 |     1 ||     4
  Use: Scroll            |       |    12 |     5 |     8 ||    25
       Potion            |       |       |       |     4 ||     4
 Stab: Sleeping          |    15 |    10 |     1 |    11 ||    37
Armor: Robe              |    16 |       |       |       ||    16
       Leather armour    |    16 |    52 |   139 |    13 ||   220
       Steam dragon scal |       |       |       |    94 ||    94
Dodge: Dodged            |    82 |    80 |   207 |   219 ||   588
Block: Buckler           |       |    22 |    64 |    62 ||   148

Table legend: (Time is in decaauts)
 A = Elapsed time spent in this place.
 B = Non-inter-level travel time spent in this place.
 C = Inter-level travel time spent in this place.
 D = Time resting spent in this place.
 E = Time spent auto-exploring this place.
 F = Levels seen in this place.
 G = Mean time per level.
                   A        B        C        D        E       F      G
               +--------+--------+--------+--------+--------+-----+--------+
         Total |   8859 |   8271 |    588 |    504 |   5684 |   8 | 1107.4 |
       Dungeon |   8859 |   8271 |    588 |    504 |   5684 |   8 | 1107.4 |
               +--------+--------+--------+--------+--------+-----+--------+

Top non-repeatable levels by time:
     D:7: 1949 daAuts
     D:6: 1588 daAuts
     D:5: 1281 daAuts
     D:3: 1260 daAuts
     D:4: 1193 daAuts
     D:1: 889 daAuts
     D:2: 628 daAuts
     D:8: 69 daAuts
